[Event "Late-Titled-Tuesday-Blitz-October-24-2023"]
[Site "Chess.com"]
[Date "2023.10.24"]
[Round "9"]
[White "Bala-Afiada"]
[Black "PapaieDudu"]
[Result "0-1"]
[WhiteElo "1861"]
[BlackElo "2332"]
[TimeControl "180+1"]
[EndTime "15:42:15 PDT"]
[Termination "PapaieDudu won by resignation"]

1. d4 d5 2. c4 dxc4 3. Nf3 Nf6 4. g3 e6 5. Bg2 Bb4+ 6. Bd2 Be7 7.
O-O O-O 8. Qc2 b5 9. a4 c6 10.
Ne5 Nd5 11. e4 Nb6 12. a5 Na4 13. Be3 Qxa5 14. b3 cxb3 15. Qxb3 Bb7 16. Nd3 Nd7 17.
e5 Qc7 18. Rc1 a6 19. Nd2 Rfd8 20. Ne4 h6 21. Ndc5 Ndxc5 22. Nxc5 Nxc5 23. dxc5 Qxe5 24. Bf4 Qf5 25. Re1 Bf6 26. Be4 Qxc5 27. Rac1 Qb6 28. Be3 Qc7 29. Bf4 e5 30. Be3 Rac8 31. Bf5 Rb8 32.
Red1 Rxd1+ 33. Rxd1 Rd8 34. Rc1 Qd6 35. Be4 Bg5 36.
Bc5 Qd7 37. Rd1 Qxd1+ 0-1

[Event "Late-Titled-Tuesday-Blitz-October-24-2023"]
[Site "Chess.com"]
[Date "2023.10.24"]
[Round "9"]
[White "biostatistician"]
[Black "DefiantChair"]
[Result "0-1"]
[WhiteElo "2590"]
[BlackElo "2693"]
[TimeControl "180+1"]
[EndTime "15:42:20 PDT"]
[Termination "DefiantChair won on time"]

1. d4 Nf6 2. Nf3 d5 3. c4 e6 4.
Nc3 Bb4 5. e3 O-O 6. Bd3 dxc4 7.
Bxc4 c5 8. O-O Nc6 9. a3 Bxc3 10. bxc3 Qc7 11. Qe2 e5 12. Bb2 Bg4 13. h3 Bh5 14.
g4 Bg6 15. Rad1 Rad8 16. Ba2 exd4 17. cxd4 cxd4 18. Nxd4 Be4 19. g5 Nd5 20. Qg4 Rfe8 21. Nf5 Qc8 22. Nxg7 Ne5 23. Bxe5 Rxe5 24. Qxc8 Rxc8 25.
f4 Re7 26. Bb3 Nxe3 27. Nh5 Nxf1 28. Nf6+ Kg7 29. Kxf1 Bc2 30. Rc1 Bd3+ 31. Kf2 Rxc1 0-1

[Event "Late-Titled-Tuesday-Blitz-October-24-2023"]
[Site "Chess.com"]
[Date "2023.10.24"]
[Round "9"]
[White "Semetey"]
[Black "Fradi82"]
[Result "1-0"]
[WhiteElo "2522"]
[BlackElo "2353"]
[TimeControl "180+1"]
[EndTime "15:42:27 PDT"]
[Termination "Semetey won on time"]

1. a3 d5 2. d4 c6 3. Nf3 Bg4 4. Ne5 Bf5 5. Bf4 Nd7 6. Nd2 Nxe5 7. Bxe5 Nf6 8. e3 e6 9. c4 Bd6 10. Bxd6 Qxd6 11. c5 Qd7 12. Be2 O-O 13. O-O Rfe8 14. f4 Ne4 15. Nxe4 Bxe4 16. b4 a6 17. a4 Rf8 18.
Qb3 Qc7 19. b5 axb5 20. axb5 b6 21. Ra6 Rfb8 22. cxb6 Qb7 23. Rfa1 cxb5 24. Ra7 Rxa7 25. bxa7 Ra8 26. Qxb5 Qc7 27. Qc5 Qb7 28. Bb5 h5 29.
h3 h4 30. Kh2 Kh7 31. Ra2 Rc8 32. Qxc8 Qxb5 33. a8=Q Qf1 34. Qh8+ Kg6 35. Qxh4 Qb1 36.
Qg5+ 1-0

[Event "Late-Titled-Tuesday-Blitz-October-24-2023"]
[Site "Chess.com"]
[Date "2023.10.24"]
[Round "9"]
[White "SlippperyWhenWet"]
[Black "zivicd"]
[Result "0-1"]
[WhiteElo "2339"]
[BlackElo "2215"]
[TimeControl "180+1"]
[EndTime "15:42:29 PDT"]
[Termination "zivicd won by checkmate"]

1. e4 c6 2. d4 d5 3. Nd2 dxe4 4. Nxe4 Bf5 5. Ng3 Bg6 6. h4 h6 7. h5 Bh7 8. Bd3 Bxd3 9. Qxd3 Nf6 10. Nf3 Nbd7 11.
Bf4 Qa5+ 12. Bd2 Qc7 13. O-O-O e6 14. Rhe1 Bd6 15. Nf5 O-O-O 16. Nxd6+ Qxd6 17. Ne5 Nxe5 18. Rxe5 Qxe5 19. dxe5 Rxd3 20. cxd3 Nd5 21. Be3 b6 22. g4 Kd7 23. Kc2 c5 24. d4 cxd4 25. Rxd4 Rc8+ 26. Kd3 a5 27. a3 b5 28. g5 hxg5 29. Rg4 f6 30. f4 Rh8 31. fxg5 Rxh5 32. gxf6 gxf6 33. exf6 Rh3 34. Re4 Nxf6 35. Rf4 Nd5 36. Rf7+ Kc6 37.
Kd4 Rxe3 38. b4 e5# 0-1

[Event "Late-Titled-Tuesday-Blitz-October-24-2023"]
[Site "Chess.com"]
[Date "2023.10.24"]
[Round "9"]
[White "dianamirza"]
[Black "Gyulamiryan-koryun"]
[Result "1-0"]
[WhiteElo "2025"]
[BlackElo "1923"]
[TimeControl "180+1"]
[EndTime "15:42:30 PDT"]
[Termination "dianamirza won by resignation"]

1. e4 e5 2. Nf3 Nc6 3. Bc4 f5 4. exf5 e4 5. Qe2 Qe7 6. Ng1 Nd4 7. Qh5+ Kd8 8. Na3 Nf6 9. Qg5 d5 10. Bb3 Qe5 11. Ne2 h6 12. Qg3 Nc6 13. Qxe5 Nxe5 14. Nf4 Bxf5 15. Nxd5 c6 16. Nxf6 gxf6 17. Nc4 Nxc4 18.
Bxc4 Kc7 19. d3 Bd6 20. dxe4 Bxe4 21. f3 Bxc2 22. Be3 Rae8 23. Kf2 b6 24. Rac1 Bf5 25. Bb5 Bd7 26. Rhd1 Rxe3 27. Kxe3 Bc5+ 28. Ke2 cxb5 29. b4 Re8+ 30. Kf1 Be6 31. bxc5 Bc4+ 32. Kg1 bxc5 33. a4 a6 34. axb5 axb5 35. Re1 Rd8 36. Re7+ Kc6 37. Ra1 Rd2 38. Ra6+ Kd5 39. Rd7+ Ke5 40.
Rxd2 b4 41. Ra5 b3 42. Rxc5+ Kf4 43. Rxc4+ Ke3 44. Rb2 1-0

[Event "Late-Titled-Tuesday-Blitz-October-24-2023"]
[Site "Chess.com"]
[Date "2023.10.24"]
[Round "9"]
[White "Felix-Rose"]
[Black "scandalgod"]
[Result "0-1"]
[WhiteElo "2332"]
[BlackElo "2511"]
[TimeControl "180+1"]
[EndTime "15:42:34 PDT"]
[Termination "scandalgod won by resignation"]

1. e4 e5 2. Nf3 Nc6 3. d4 exd4 4. Nxd4 Bc5 5. Nxc6 Qf6 6. Qf3 dxc6 7. Nc3 Be6 8.
Be3 Bb4 9. Bd2 O-O-O 10. Qg3 Rxd2 11. Kxd2 Ne7 12. Bd3 Bd6 13. Qf3 Qg5+ 14. Ke1 Ng6 15. g3 h5 16. h4 Qc5 17. Qe3 Qxe3+ 18. fxe3 Bxg3+ 19. Kd2 Bxh4 20. Rag1 Bf6 21. b3 Ne5 22. Be2 h4 23. Nd1 h3 24. Rh2 g6 25. Nf2 Rd8+ 26.
Ke1 Be7 27. Nxh3 Bb4+ 28. Kf2 Rd2 29. Kf1 Rxc2 30. Nf4 b5 31. Nxe6 fxe6 32. Bg4 Rxh2 33. Bxe6+ Kb7 34. Rg5 Bd6 0-1

[Event "Late-Titled-Tuesday-Blitz-October-24-2023"]
[Site "Chess.com"]
[Date "2023.10.24"]
[Round "9"]
[White "SpeedofLight0"]
[Black "vladislavkovalev"]
[Result "0-1"]
[WhiteElo "2968"]
[BlackElo "2885"]
[TimeControl "180+1"]
[EndTime "15:42:35 PDT"]
[Termination "vladislavkovalev won by resignation"]

1. e4 e5 2. Nf3 Nc6 3. Bc4 Nf6 4. d3 Bc5 5. O-O d6 6. Bg5 h6 7. Bh4 a6 8. c3 Ba7 9. Nbd2 O-O 10. Re1 g5 11. Bg3 Kg7 12. a4 Nh7 13. d4 Qf6 14.
Bd5 g4 15. dxe5 Nxe5 16. Nxe5 dxe5 17. Nc4 Re8 18. Ne3 h5 19. Nf5+ Bxf5 20. exf5 c6 21.
Be4 Rad8 22. Qe2 Qg5 23. h4 gxh3 24. Kh1 h4 25. Bh2 Rd2 26. Qc4 Bxf2 27. Red1 Bg3 28. Bg1 Red8 29. Rxd2 Rxd2 30. gxh3 Bf4 31. Re1 Qg3 32. Re2 Qxh3+ 33. Bh2 Rd1+ 0-1

[Event "Late-Titled-Tuesday-Blitz-October-24-2023"]
[Site "Chess.com"]
[Date "2023.10.24"]
[Round "9"]
[White "carloseduar100"]
[Black "santosalberto1987"]
[Result "1-0"]
[WhiteElo "2303"]
[BlackElo "2404"]
[TimeControl "180+1"]
[EndTime "15:42:38 PDT"]
[Termination "carloseduar100 won by checkmate"]

1. d4 d5 2. c3 Nf6 3. e3 e6 4. Bd3 c5 5. f4 Nbd7 6. Nf3 b6 7. O-O Bb7 8. Ne5 Be7 9. Nd2 O-O 10.
Kh1 Ne4 11. Qh5 f6 12. Nxd7 Qxd7 13. a4 f5 14. Nf3 Bf6 15. Ne5 Bxe5 16. fxe5 Qf7 17.
Qxf7+ Rxf7 18. Bxe4 fxe4 19. Bd2 Raf8 20. Kg1 Ba6 21.
Rxf7 Rxf7 22. h3 Bd3 23. b4 cxb4 24. cxb4 Bc4 25. Bc3 g5 26. b5 Kg7 27. a5 Bxb5 28. axb6 axb6 29. Ra8 Rb7 30. Bb4 Bd7 31. Kf2 b5 32.
Kg3 Rc7 33. Bc5 Rc8 34. Ra7 Rd8 35. Bb6 Rb8 36. Rxd7+ Kg6 37. Ba7 Ra8 38. Rb7 Kf5 39. Bc5 Ra5 40. Rg7 h5 41. h4 gxh4+ 42. Kxh4 Ra2 43.
Rg5# 1-0

[Event "Late-Titled-Tuesday-Blitz-October-24-2023"]
[Site "Chess.com"]
[Date "2023.10.24"]
[Round "9"]
[White "lluiss"]
[Black "KorolDimitriy75"]
[Result "0-1"]
[WhiteElo "2208"]
[BlackElo "2364"]
[TimeControl "180+1"]
[EndTime "15:42:38 PDT"]
[Termination "KorolDimitriy75 won on time"]

1. Nf3 c5 2. c4 g6 3. d4 cxd4 4. Nxd4 Nc6 5. e4 Bg7 6. Be3 Nf6 7. Nc3 O-O 8. Be2 d6 9. f3 Bd7 10. Qd2 Nxd4 11. Bxd4 a5 12. Nd5 Nxd5 13. cxd5 a4 14. Bxg7 Kxg7 15. Qd4+ f6 16. Kf2 Qa5 17. Rhc1 Rfc8 18. b4 axb3 19. axb3 Qd8 20. Rxc8 Rxc8 21. Ra2 Qc7 22. Bd3 Qc1 23. Be2 Qh1 24. Kg3 h5 25. h4 g5 26. hxg5 Qe1+ 27. Kh2 Qh4+ 28. Kg1 Rc1+ 29. Bf1 Qxg5 30. Rf2 h4 0-1

[Event "Late-Titled-Tuesday-Blitz-October-24-2023"]
[Site "Chess.com"]
[Date "2023.10.24"]
[Round "9"]
[White "Hasangatin_Ramil"]
[Black "ContrVersia"]
[Result "0-1"]
[WhiteElo "2712"]
[BlackElo "2872"]
[TimeControl "180+1"]
[EndTime "15:42:41 PDT"]
[Termination "ContrVersia won by resignation"]

1. e4 c5 2. Nf3 a6 3. c4 Nc6 4. d4 cxd4 5. Nxd4 e5 6. Nf5 d6 7.
Nc3 g6 8. Ne3 Bh6 9. Ned5 Bxc1 10. Qxc1 Be6 11. Bd3 Nf6 12. O-O O-O 13. h3 Bxd5 14.
cxd5 Nb8 15. Qh6 Nbd7 16. g3 Qb6 17. Rab1 Rac8 18. Kg2 Nh5 19. Be2 Ng7 20. h4 f5 21. h5 gxh5 22. Bxh5 Rf6 23. Qg5 Rcf8 24. Rh1 Nc5 25. f3 fxe4 26. fxe4 Nd3 27. Rbf1 Qxb2+ 28. Kh3 Rxf1 29. Rxf1 Rxf1 30. Qe7 0-1

[Event "Late-Titled-Tuesday-Blitz-October-24-2023"]
[Site "Chess.com"]
[Date "2023.10.24"]
[Round "9"]
[White "MajorCoast"]
[Black "UK_23"]
[Result "0-1"]
[WhiteElo "2254"]
[BlackElo "2400"]
[TimeControl "180+1"]
[EndTime "15:42:42 PDT"]
[Termination "UK_23 won by checkmate"]

1. d4 d5 2. Nf3 Nf6 3. c4 e6 4. e3 Be7 5. Nbd2 O-O 6. b3 a6 7. Bd3 b6 8. Bb2 Bb7 9. O-O Nbd7 10. Ne5 Nxe5 11. dxe5 Nd7 12. f4 Nc5 13. Bc2 dxc4 14.
bxc4 Nd3 15. Bd4 c5 16. Bxd3 cxd4 17. e4 Bc5 18. Rf3 f6 19. Rh3 g6 20. Qg4 f5 21.
exf5 exf5 22. Qe2 Qe7 23. Re1 a5 24. Nf3 Be4 25. Ng5 Bxd3 26. Qxd3 h5 27. Rg3 Kh8 28. Nf3 Rg8 29. e6 Rad8 30. Re5 Rd6 31. Ng5 Rc6 32. Nf7+ Kh7 33. Ng5+ Kg7 34. h3 Bd6 35. Nf7 Bxe5 36.
Nxe5 Rxe6 37. Qxf5 Kh7 38. Nxg6 Rgxg6 39. Qxh5+ Rh6 40. Qf5+ Reg6 41. Rxg6 Rxg6 42. Qh5+ Kg7 43. f5 Qe1+ 44. Kh2 Qg3+ 45. Kh1 Qxg2# 0-1

[Event "Late-Titled-Tuesday-Blitz-October-24-2023"]
[Site "Chess.com"]
[Date "2023.10.24"]
[Round "9"]
[White "katharinareinecke"]
[Black "cthake"]
[Result "1-0"]
[WhiteElo "1904"]
[BlackElo "1924"]
[TimeControl "180+1"]
[EndTime "15:42:50 PDT"]
[Termination "katharinareinecke won by checkmate"]

1. d4 e6 2. c4 b6 3. Nf3 Bb7 4. g3 Bxf3 5. exf3 c5 6. dxc5 Bxc5 7. Bg2 Nc6 8. O-O Nd4 9. a3 a5 10. Be3 Qf6 11. Nd2 e5 12. f4 Ra7 13. fxe5 Qxe5 14.
Re1 Ne7 15. b4 axb4 16. axb4 Rxa1 17. Qxa1 Bxb4 18. Bxd4 Qb8 19. Re2 f6 20. Qa8 Kf7 21. Qxb8 Rxb8 22. Bd5+ Nxd5 23. cxd5 d6 24. Nc4 Bc5 25.
Bxc5 dxc5 26. Rb2 Ke7 27. Rxb6 Rd8 28. d6+ Ke6 29. f4 Kd5 30. Ne3+ Kd4 31. Nf5+ Kd3 32.
Nxg7 c4 33. Rc6 c3 34. Ne6 Rd7 35. Nc5+ Kd2 36. Nxd7 c2 37. Rxc2+ Kxc2 38. Nxf6 Kd3 39. d7 Ke3 40. d8=Q Kf3 41. Qd3# 1-0

[Event "Late-Titled-Tuesday-Blitz-October-24-2023"]
[Site "Chess.com"]
[Date "2023.10.24"]
[Round "9"]
[White "whiteglovethief"]
[Black "Nikita_Klepikov"]
[Result "0-1"]
[WhiteElo "2508"]
[BlackElo "2369"]
[TimeControl "180+1"]
[EndTime "15:42:52 PDT"]
[Termination "Nikita_Klepikov won by resignation"]

1. d4 Nf6 2. c4 d6 3. Nc3 e5 4. d5 Bf5 5. g3 a5 6. Bg2 Na6 7. e4 Bg4 8. f3 Bd7 9. Be3 Be7 10.
Nge2 b6 11. b3 Qc8 12. O-O Bh3 13. a3 Bxg2 14. Kxg2 h5 15. h3 Nh7 16. f4 h4 17.
g4 exf4 18. Bxf4 Bf6 19. Nd4 O-O 20. Rc1 Re8 21. Nc6 Nc5 22. b4 axb4 23. axb4 Nxe4 24.
Nxe4 Rxe4 25. Rc2 Qe8 26. Qf3 Bg5 27. Bh2 Re3 28. Qf2 Raa3 29. Nd4 Rxh3 30. Re2 Rhe3 31. Rfe1 Nf6 32. Nf5 Qe4+ 33. Kg1 Qxg4+ 34. Kf1 Rf3 0-1

[Event "Late-Titled-Tuesday-Blitz-October-24-2023"]
[Site "Chess.com"]
[Date "2023.10.24"]
[Round "9"]
[White "Nekoo04"]
[Black "stasOR4ik"]
[Result "1-0"]
[WhiteElo "2265"]
[BlackElo "2382"]
[TimeControl "180+1"]
[EndTime "15:42:52 PDT"]
[Termination "Nekoo04 won by resignation"]

1. d4 d5 2. c4 c6 3. Nf3 Nf6 4.
g3 Bg4 5. Ne5 Bf5 6. Nc3 e6 7.
Bg2 Nbd7 8. Nxd7 Qxd7 9. O-O dxc4 10. e4 Bg6 11. d5 e5 12. f4 exf4 13. gxf4 cxd5 14.
e5 Ne4 15. Nxd5 Bc5+ 16. Be3 O-O-O 17. Bxc5 Qxd5 18. Qxd5 Rxd5 19. Bxa7 Bf5 20. Rfe1 Ra5 21. Bxe4 Bxe4 22. Rxe4 Rxa7 23. Rxc4+ Kb8 24. a3 Rd8 25.
Rac1 Ra6 26. Rc7 Rg6+ 27. Kf2 Rd2+ 28. Ke3 Rxb2 29. Rxf7 Rxh2 30. Rcc7 Rb2 31. Rxg7 Rxg7 32. Rxg7 h5 33. f5 Kc8 34. f6 h4 35. f7 1-0

[Event "Late-Titled-Tuesday-Blitz-October-24-2023"]
[Site "Chess.com"]
[Date "2023.10.24"]
[Round "9"]
[White "MikaelyanArman"]
[Black "NikolaGry"]
[Result "1-0"]
[WhiteElo "2922"]
[BlackElo "2734"]
[TimeControl "180+1"]
[EndTime "15:42:53 PDT"]
[Termination "MikaelyanArman won by checkmate"]

1. d4 d5 2. c4 Nc6 3. e3 Nf6 4. Nc3 e6 5. Nf3 Bb4 6. Bd2 O-O 7. Bd3 dxc4 8. Bxc4 a6 9. O-O Bd6 10. Qe2 e5 11. dxe5 Nxe5 12. Nxe5 Bxe5 13. f4 Bg4 14. Qe1 Bxc3 15. Bxc3 Ne4 16. Be5 Qe7 17. h3 Be6 18. Rc1 f6 19. Bxe6+ Qxe6 20. Bxc7 Qxa2 21. Qb4 Rfe8 22.
Qxb7 Qe6 23. f5 Qe7 24. Qd5+ Kh8 25. Rc6 Ng5 26. Bf4 Rad8 27. Qc4 Qd7 28. Bxg5 fxg5 29. f6 gxf6 30. Rcxf6 Qe7 31. e4 Rd2 32. Qc3 Qa7+ 33. R6f2+ Rd4 34. Kh1 Rxe4 35. Rf8+ Kg7 36. Qc8 Rf4 37.
Rg8+ Kh6 38. Qe6+ Kh5 39. Qg6+ Kh4 40. Qxg5# 1-0

[Event "Late-Titled-Tuesday-Blitz-October-24-2023"]
[Site "Chess.com"]
[Date "2023.10.24"]
[Round "9"]
[White "talaicito"]
[Black "Escudito"]
[Result "0-1"]
[WhiteElo "2215"]
[BlackElo "2471"]
[TimeControl "180+1"]
[EndTime "15:42:53 PDT"]
[Termination "Escudito won on time"]

1. d4 d5 2. Nc3 Nf6 3. Bf4 c6 4. e3 g6 5. Nf3 Bg7 6. Ne5 O-O 7.
h4 Nbd7 8. f3 Nxe5 9. Bxe5 Qb6 10. a3 Bh6 11. g4 Nd7 12. Bf4 Bg7 13. Na4 Qa5+ 14. c3 e5 15. Bg3 exd4 16. exd4 Re8+ 17. Kf2 Nf6 18. Bd3 Qd8 19. h5 b6 20. hxg6 hxg6 21.
Qd2 Bd7 22. b4 c5 23. Nb2 cxd4 24. cxd4 Bxg4 25. fxg4 Nxg4+ 26. Kg2 Ne3+ 27. Kh2 Qg5 0-1

[Event "Late-Titled-Tuesday-Blitz-October-24-2023"]
[Site "Chess.com"]
[Date "2023.10.24"]
[Round "9"]
[White "familijatop71"]
[Black "Hirna2005"]
[Result "0-1"]
[WhiteElo "2133"]
[BlackElo "2306"]
[TimeControl "180+1"]
[EndTime "15:42:53 PDT"]
[Termination "Hirna2005 won on time"]

1. e4 g6 2. d4 Bg7 3. Nc3 d6 4.
f4 a6 5. Nf3 b5 6. Bd3 Nd7 7.
Qe2 c5 8. dxc5 Nxc5 9. O-O Nf6 10. Be3 Nxd3 11. cxd3 O-O 12. d4 Bb7 13. d5 b4 14. e5 dxe5 15. fxe5 Nxd5 16. Nxd5 Qxd5 17. Rad1 Qe4 18. Rd4 Qc6 19. Rc1 Qa4 20. b3 Qa5 21. Rd7 Bxf3 22. Qxf3 Qxe5 23. Bd4 Qg5 24. Re1 Rad8 25.
Bxg7 Kxg7 26. Rdxe7 Rd2 27. R7e2 Rfd8 28. h3 R8d3 29. Qf2 Rxe2 30. Qxe2 Rd2 31. Qf3 Rxa2 32. Rf1 Qc5+ 33. Kh1 f5 34. Qb7+ Kh6 35. Qf3 Qd4 36. Qg3 Qe4 37. h4 Rc2 0-1

[Event "Late-Titled-Tuesday-Blitz-October-24-2023"]
[Site "Chess.com"]
[Date "2023.10.24"]
[Round "9"]
[White "chess94cu"]
[Black "dosto07"]
[Result "1-0"]
[WhiteElo "2654"]
[BlackElo "2538"]
[TimeControl "180+1"]
[EndTime "15:42:54 PDT"]
[Termination "chess94cu won by resignation"]

1. e4 e5 2. Nf3 Nc6 3. d4 exd4 4. Bc4 Bc5 5. c3 d6 6. cxd4 Bb6 7. Nc3 Nf6 8. h3 O-O 9. O-O Nxe4 10. Bxf7+ Rxf7 11. Nxe4 h6 12. Be3 Bf5 13. Ng3 Qd7 14. Kh2 Raf8 15. Nxf5 Rxf5 16. Rc1 Qf7 17. b3 Qd5 18. Qe2 Kh8 19.
Nh4 R5f6 20. Qg4 Kh7 21. Rfd1 a5 22. Rc4 g5 23. Nf3 Ne7 24. Nxg5+ hxg5 25. Bxg5 Re6 26. Bxe7 Rxe7 27. Qh4+ Kg8 28. Qxe7 Rxf2 29. Rg1 a4 30.
Rc3 Rf7 31. Rg3+ Kh7 32. Qh4+ 1-0

[Event "Late-Titled-Tuesday-Blitz-October-24-2023"]
[Site "Chess.com"]
[Date "2023.10.24"]
[Round "9"]
[White "Balla_Tamas"]
[Black "Giorno"]
[Result "0-1"]
[WhiteElo "2336"]
[BlackElo "2537"]
[TimeControl "180+1"]
[EndTime "15:42:54 PDT"]
[Termination "Giorno won by checkmate"]

1. e4 g6 2. d4 Bg7 3. Nc3 c5 4. Be3 Qa5 5. Nf3 Nc6 6. Bc4 cxd4 7. Nxd4 Qb4 8. Nxc6 Bxc3+ 9. bxc3 Qxc3+ 10. Qd2 Qxc4 11.
Nd4 Nf6 12. f3 O-O 13. Ne2 d5 14. e5 Nd7 15. f4 Nc5 16. O-O Bf5 17. Nd4 Be4 18.
f5 Nd7 19. e6 Nf6 20. exf7+ Rxf7 21. fxg6 Bxg6 22. Nf5 Kh8 23. Nxe7 Rxe7 24. Rxf6 Qxc2 25. Qd4 Kg8 26. Raf1 Qe4 27. Qc5 Qxe3+ 28. Qxe3 Rxe3 29.
Rd6 Re5 30. Rc1 Rae8 31. Rc7 R8e7 32. Rd8+ Kg7 33. Rcc8 Re1+ 34. Kf2 R1e2+ 35. Kg3 Rxa2 36. h3 Ra3+ 37. Kg4 Re4+ 38. Kg5 h6# 0-1

[Event "Late-Titled-Tuesday-Blitz-October-24-2023"]
[Site "Chess.com"]
[Date "2023.10.24"]
[Round "9"]
[White "Mikhail_Golubev"]
[Black "FedaMaster"]
[Result "0-1"]
[WhiteElo "2567"]
[BlackElo "2674"]
[TimeControl "180+1"]
[EndTime "15:42:55 PDT"]
[Termination "FedaMaster won on time"]

1. e4 d5 2. exd5 Qxd5 3. Nc3 Qd6 4. d4 Nf6 5. Nf3 Bg4 6. h3 Bh5 7. g4 Bg6 8. Bg2 c6 9. Qe2 Nbd7 10. Be3 e6 11.
O-O-O Qb4 12. Nh4 Nb6 13. a3 Qa5 14. Nxg6 hxg6 15. Nb1 O-O-O 16. Rd3 Nfd5 17. Rhd1 Nc4 18. Rb3 b5 19. Nc3 Rd7 20. Bxd5 exd5 21. Na2 Qc7 22. Qf3 Qd6 23. Kb1 Qf6 24. Qg2 a5 25. Nc1 a4 26.
Rbd3 Re7 27. c3 Qe6 28. Ne2 Qe4 29. Qf1 Qf3 30. Ng1 Qh1 31. Ka2 Re4 32. Bc1 Bd6 33. Rf3 f6 34. Rfd3 Bh2 0-1

[Event "Late-Titled-Tuesday-Blitz-October-24-2023"]
[Site "Chess.com"]
[Date "2023.10.24"]
[Round "9"]
[White "Inepton_Fermion"]
[Black "rdarruda"]
[Result "1-0"]
[WhiteElo "2384"]
[BlackElo "2526"]
[TimeControl "180+1"]
[EndTime "15:42:59 PDT"]
[Termination "Inepton_Fermion won on time"]

1. Nf3 d5 2. b3 Nf6 3. Bb2 Nc6 4.
e3 g6 5. Bb5 Bd7 6. c4 dxc4 7.
Bxc4 Bg7 8. O-O O-O 9. d4 Ne4 10.
Nbd2 Nxd2 11. Qxd2 Bg4 12. Be2 e5 13. d5 e4 14.
Bxg7 exf3 15. gxf3 Bh3 16. Bh6 Ne7 17. e4 Bxf1 18.
Bxf1 f6 19. Bxf8 Kxf8 20. Qh6+ Kg8 21. Bh3 Qf8 22. Be6+ Kh8 23. Qf4 g5 24. Qxc7 Ng6 25.
d6 Nf4 26. Bf5 1-0

[Event "Late-Titled-Tuesday-Blitz-October-24-2023"]
[Site "Chess.com"]
[Date "2023.10.24"]
[Round "9"]
[White "Andrei_Skvortsov"]
[Black "koncheto"]
[Result "1-0"]
[WhiteElo "2676"]
[BlackElo "2569"]
[TimeControl "180+1"]
[EndTime "15:43:00 PDT"]
[Termination "Andrei_Skvortsov won by resignation"]

1. e4 c5 2. d4 cxd4 3. Qxd4 Nc6 4. Qd3 Nf6 5. Nc3 d6 6. Nf3 g6 7. Be2 Bg4 8. O-O Bg7 9. Nd5 O-O 10. c3 Rc8 11. Bg5 Nd7 12. Qe3 Nc5 13. Bb5 f6 14.
Bh4 Bxf3 15. gxf3 Ne5 16. f4 Nf7 17. f5 g5 18. Bg3 a6 19. Be2 Ne5 20. f4 Nf7 21.
fxg5 Nxg5 22. Rf4 Nh3+ 23. Kg2 Nxf4+ 24. Qxf4 Kh8 25. Qh4 e5 26. fxe6 Nxe6 27. Bg4 Qe8 28. Bf5 h6 29. Bxd6 Rf7 30. Bg3 Rc4 31. Re1 Ng5 32. Nf4 Qd8 33. Ng6+ Kg8 34. Qh5 Qd2+ 35. Qe2 Qxe2+ 36. Rxe2 b5 37. h4 Rc6 38. hxg5 fxg5 39.
Ne5 Bxe5 40. Bxe5 a5 41. a3 Rb7 42. Bd4 b4 43. axb4 axb4 44. e5 bxc3 45. bxc3 Kf7 46. Be4 Rbc7 47. Rf2+ Ke7 48. Bxc6 Rxc6 49. Rf6 Rc8 50.
Rxh6 Ra8 51. Kg3 Ra1 52. Bc5+ Kf7 53. e6+ Kg7 54. e7 Kf7 55. Rh8 Re1 56. Rf8+ 1-0

[Event "Late-Titled-Tuesday-Blitz-October-24-2023"]
[Site "Chess.com"]
[Date "2023.10.24"]
[Round "9"]
[White "Elbebiber"]
[Black "aranibos"]
[Result "0-1"]
[WhiteElo "2152"]
[BlackElo "2267"]
[TimeControl "180+1"]
[EndTime "15:43:02 PDT"]
[Termination "aranibos won by resignation"]

1. f4 c6 2. Nf3 d5 3. e3 Bg4 4.
h3 Bxf3 5. Qxf3 Nd7 6. b3 e5 7. Bb2 e4 8. Qf2 Ngf6 9. g4 h6 10. Be2 Bd6 11. a4 Qc7 12. O-O O-O-O 13. c4 Nc5 14. b4 Nd3 15. Bxd3 exd3 16. c5 Be7 17. Be5 Qd7 18. Nc3 Ne4 19. Nxe4 dxe4 20. Qg2 f6 21. Bd4 Qd5 22. Rfc1 Rd7 23. b5 Bd8 24. bxc6 Qxc6 25. a5 a6 26. Rc4 Re8 27. Raa4 Kb8 28. Bc3 Rd5 29. Rxe4 Rxe4 30. Qxe4 Rxc5 31. Qxd3 Qxa4 32. Qxd8+ Rc8 33. Qd6+ Ka8 34. Bd4 Qd1+ 35. Kg2 Qxd2+ 36. Kf3 Qxa5 37. Qd7 Qc7 38. Qd5 Qc6 39. e4 Qxd5 40.
exd5 Rd8 41. Ke4 b5 42. Bb6 Rd7 43. Kd4 Kb7 44. Kc5 Rxd5+ 45. Kxd5 Kxb6 0-1

[Event "Late-Titled-Tuesday-Blitz-October-24-2023"]
[Site "Chess.com"]
[Date "2023.10.24"]
[Round "9"]
[White "randy296"]
[Black "Miguelitro69"]
[Result "1-0"]
[WhiteElo "2127"]
[BlackElo "2269"]
[TimeControl "180+1"]
[EndTime "15:43:06 PDT"]
[Termination "randy296 won by resignation"]

1. e4 c5 2. Nf3 Nc6 3. g3 g6 4. Bg2 Bg7 5. O-O d6 6. Re1 Nf6 7. d3 O-O 8. c3 e5 9. a4 h6 10.
Nbd2 a6 11. Nc4 Be6 12. b3 b6 13. h3 Rb8 14. Kh2 b5 15. axb5 axb5 16. Ne3 d5 17. exd5 Nxd5 18. Nxd5 Bxd5 19. Be3 Qd6 20. Ra6 Ra8 21. Qa1 Rxa6 22. Qxa6 Rb8 23. d4 cxd4 24. cxd4 Rd8 25. dxe5 Nxe5 26. Qxd6 Rxd6 27. Nxe5 Bxg2 28.
Kxg2 Bxe5 29. Bxh6 f6 30. Rc1 g5 31. Rc8+ Kf7 32. Bf8 Rd2 33. Bc5 Rb2 34. b4 Rc2 35. Rd8 Ke6 36. h4 Kf5 37. h5 g4 38. Rg8 Bc3 39. h6 Rd2 40. h7 1-0

[Event "Late-Titled-Tuesday-Blitz-October-24-2023"]
[Site "Chess.com"]
[Date "2023.10.24"]
[Round "9"]
[White "Korchmar_Vasiliy"]
[Black "Makswolf200817"]
[Result "0-1"]
[WhiteElo "2763"]
[BlackElo "2635"]
[TimeControl "180+1"]
[EndTime "15:43:09 PDT"]
[Termination "Makswolf200817 won by resignation"]

1. e4 e6 2. d4 d5 3. e5 c5 4. c3 Qb6 5. Nf3 Bd7 6. Be2 Bb5 7.
Bxb5+ Qxb5 8. a4 Qd7 9. dxc5 Bxc5 10. O-O Ne7 11. b4 Bb6 12. Nbd2 a5 13. b5 Qc8 14. Ba3 Bc5 15. c4 O-O 16. cxd5 Bxa3 17. Rxa3 Nxd5 18. Ne4 Nd7 19. Qb1 h6 20. Rc1 Qb8 21. Neg5 hxg5 22. Nxg5 g6 23. Nxe6 Re8 24. Ng5 Qxe5 25. Rg3 Nc3 26.
Rgxc3 Qxg5 27. Rc7 Ne5 28. Rxb7 Nf3+ 29. Kh1 Qf4 30.
g3 Qh6 31. Kg2 Ng5 32. h4 Ne6 33. Qb3 Qxc1 34. h5 Qg5 35. hxg6 Qxg6 36. Qf3 Rab8 37. Ra7 Ng5 38. Qd5 Qe4+ 39. Qxe4 Nxe4 40. Rxa5 Ra8 41. Rxa8 Rxa8 0-1

[Event "Late-Titled-Tuesday-Blitz-October-24-2023"]
[Site "Chess.com"]
[Date "2023.10.24"]
[Round "9"]
[White "Tonychess32"]
[Black "GoltsevDmitry2000"]
[Result "0-1"]
[WhiteElo "2535"]
[BlackElo "2650"]
[TimeControl "180+1"]
[EndTime "15:43:09 PDT"]
[Termination "GoltsevDmitry2000 won by resignation"]

1. e4 e6 2. d4 d5 3. e5 c5 4.
c3 Nc6 5. Nf3 Nge7 6. Bd3 Nf5 7.
dxc5 Bxc5 8. O-O Be7 9. Nbd2 h5 10. Nb3 g5 11. Nbd4 g4 12. Nxc6 bxc6 13. Nd4 Nxd4 14. cxd4 Qb6 15. Be3 Qxb2 16. f4 Qa3 17. Qe2 c5 18. dxc5 Bxc5 19. Bxc5 Qxc5+ 20. Kh1 h4 21. Rac1 Qb6 22. Qxg4 h3 23. f5 hxg2+ 24. Qxg2 Bb7 25. fxe6 Qxe6 26. Bb5+ Kf8 27. Rc7 Rb8 28. Bd7 Qxe5 29.
Rxf7+ Kxf7 30. Be6+ Kxe6 31. Qg4+ Qf5 32. Re7+ Kxe7 33.
Qxf5 d4+ 34. Kg1 Rbg8+ 35. Kf1 Rf8 0-1